Map: Secret Spring

Players

Rob

  • Race: Protoss Protoss
  • League: Grandmaster
  • Spawn Location: 3:00

Jason - Winner!

  • Race: Terran Terran
  • League: Grandmaster
  • Spawn Location: 7:00

VOD

Have the link to the VOD?

Description

Time

  • Played on: May 14, 2019, 3:52 p.m.
  • Length: 9:27
Show
View Real Time Build Order
Export as new Build Order

Rob Protoss 

Build Orders: Nexus First 

Get SALT Encoding   

  12  0:00  Probe  
  13  0:12  Probe  
  14  0:18  Pylon  
  14  0:24  Probe  
  15  0:32  Probe  
  15  0:40  Probe  
  18  1:00  Nexus  
  17  1:13  Probe, Gateway  
  18  1:19  Assimilator  
  18  1:25  Probe  
  19  1:38  Probe  
  19  1:39  Assimilator  
  20  1:50  Probe  
  20  1:51  Zealot  
  21  2:00  Cybernetics Core  
  23  2:11  Probe  
  23  2:12  Probe  
  25  2:23  Probe  
  25  2:24  Probe  
  25  2:27  Stalker  
  27  2:35  Probe  
  27  2:37  Probe  
  31  2:47  Pylon  
  31  2:48  Warp Gate, Probe  
  31  2:49  Probe  
  33  3:00  Probe  
  33  3:03  Probe  
  35  3:10  Gateway  
  35  3:12  Probe  
  36  3:13  Gateway  
  36  3:15  Probe  
  36  3:18  Robotics Facility  
  37  3:24  Probe  
  38  3:27  Stalker  
  38  3:28  Probe  
  41  3:36  Probe  
  41  3:40  Probe  
  43  3:42  Shield Battery  
  43  3:44  Shield Battery  
  43  3:46  Pylon  
  43  3:52  Probe  
  43  3:53  Immortal  
  45  4:14  Stalker x3  
  51  4:38  Immortal  
  51  4:52  Stalker  
  53  4:54  Pylon  
  53  4:56  Pylon  
  53  4:59  Probe  
  54  5:02  Twilight Council  
  54  5:14  Stalker x2  
  50  5:15  Gateway  
  50  5:16  Gateway  
  50  5:19  Stalker  
  44  5:43  Stalker x3  
  46  5:50  Probe x2  
  46  5:51  Assimilator  
  46  5:52  Assimilator  
  48  6:02  Probe x2  
  50  6:04  Stalker x2  
  52  6:14  Stalker x2  
  52  6:15  Zealot  
  47  6:30  Stalker  
  47  6:39  Stalker  
  39  6:41  Zealot x3  
  35  7:00  Probe  
  30  7:03  Stalker, Zealot x4  
  30  7:24  Stalker  
  30  7:25  Stalker  
  30  7:26  Zealot  
  30  7:27  Zealot  
  34  7:31  Stalker, Zealot  
  38  7:37  Cybernetics Core  
  38  7:47  Gateway  
  38  8:00  Pylon  
  38  8:12  Pylon  
  33  8:32  Stalker  
  31  8:37  Gateway  
  31  8:45  Stalker  
  14  9:07  Stalker  
  14  9:11  Stalker  
  14  9:16  Stalker  
Show
View Real Time Build Order
Export as new Build Order

Jason Terran - Winner!

Build Orders: 2 Factory, Cyclone Opening 

Get SALT Encoding   

  12  0:00  SCV  
  13  0:12  SCV  
  14  0:18  Supply Depot  
  14  0:24  SCV  
  15  0:30  Refinery  
  15  0:39  SCV  
  16  0:47  Barracks  
  16  0:52  SCV  
  17  1:04  SCV  
  18  1:16  SCV  
  19  1:35  Reaper, Orbital Command  
  20  1:55  Refinery  
  21  2:01  SCV  
  21  2:02  Factory  
  21  2:10  Barracks Reactor  
  21  2:12  Barracks Tech Lab  
  21  2:13  SCV  
  22  2:22  Supply Depot  
  22  2:25  SCV  
  23  2:36  Factory  
  23  2:43  SCV, Supply Depot  
  24  2:55  SCV  
  25  2:59  Cyclone  
  28  3:07  SCV, Supply Depot  
  28  3:10  Mag-Field Accelerator  
  29  3:19  SCV, Factory Tech Lab  
  30  3:25  Supply Depot  
  30  3:33  Cyclone  
  33  3:35  SCV  
  34  3:41  Barracks  
  34  3:47  SCV  
  35  3:50  Cyclone  
  35  3:53  Barracks  
  38  3:59  SCV  
  39  4:14  Marine  
  39  4:15  Bunker  
  40  4:19  Cyclone  
  42  4:28  Cyclone  
  44  4:38  Marine  
  44  4:40  Supply Depot  
  42  5:00  Cyclone  
  42  5:02  SCV  
  46  5:16  SCV  
  47  5:22  Cyclone  
  41  5:36  Cyclone  
  43  5:49  Marine x2  
  45  6:07  Marine x2  
  47  6:16  Marine  
  48  6:25  Cyclone, Marine x2  
  49  6:28  Bunker  
  49  6:30  Bunker  
  49  6:34  Marine  
  48  6:43  Marine x2  
  49  7:00  Cyclone  
  49  7:01  Marine  
  50  7:06  Bunker  
  49  7:22  Cyclone  
  49  7:31  Marine x2  
  51  7:44  Marine  
  52  7:53  Orbital Command  
  51  8:22  Marine x3  
Tags
 
Add a new tag
Caveats
  • Supply blocks, unpowered buildings, or Contaminate may cause inaccurate times.
  • Supply counts are checked every 10 seconds.